 Dungeon Crawl Stone Soup version 0.29.1 (webtiles) character file.

Game seed: 17834595523238329799

259 xian the Gusty (level 5, -2/35 HPs)
             Began as a Demonspawn Air Elementalist on Sept 13, 2022.
             Slain by Duvessa
             ... wielding a +4 rapier of protection
              (21 damage)
             ... on level 4 of the Dungeon.
             The game lasted 00:08:11 (3531 turns).

xian the Gusty (Demonspawn Air Elementalist)        Turns: 3531, Time: 00:08:13

Health: -2/35      AC:  2    Str: 10    XL:     5   Next: 95%
Magic:  0/10       EV: 12    Int: 22    God:
Gold:   121        SH:  0    Dex: 14    Spells: 7/11 levels left

rFire   . . .      SeeInvis .   b - +0 short sword
rCold   . . .      Faith    .   (no shield)
rNeg    . . .      Spirit   .   a - +0 robe
rPois   .          Reflect  .   (helmet restricted)
rElec   .          Harm     .   (no cloak)
rCorr   .          Rampage  .   (no gloves)
Will    .....                   (no boots)
Stlth   ++........              (no amulet)
HPRegen 0.11/turn               f - +6 ring of intelligence
MPRegen 0.12/turn               (no ring)

@: brilliant, flying
A: antennae 1, ignite blood 1
a: no special abilities


You were on level 4 of the Dungeon.
You visited 1 branch of the dungeon, and saw 4 of its levels.

You collected 121 gold pieces.

Inventory:

Hand Weapons
 b - a +0 short sword (weapon)
Missiles
 c - 8 poisoned darts
Armour
 a - a +0 robe (worn)
Jewellery
 f - a +6 ring of intelligence (left hand)
Wands
 p - a wand of digging (5)
Scrolls
 e - 2 scrolls of blinking
 h - a scroll of vulnerability {unknown}
 j - 2 scrolls of identify {unknown}
 k - 2 scrolls of poison {unknown}
 o - a scroll of enchant weapon {unknown}
Potions
 g - a potion of brilliance
 i - 2 potions of curing
 l - a potion of invisibility {unknown}
 n - a potion of might {unknown}


   Skills:
 + Level 0.2 Fighting
 + Level 0.4 Short Blades
 + Level 2.1 Dodging
 + Level 2.3 Stealth
 + Level 3.7 Spellcasting
 + Level 3.0 Conjurations
 + Level 3.7 Air Magic


You had 7 spell levels left.
You knew the following spells:

 Your Spells              Type           Power      Damage    Failure   Level
a - Shock                 Conj/Air       100%       1d9       2%          1
b - Magic Dart            Conj           100%       1d8       3%          1
c - Static Discharge      Conj/Air       28%        3-7/arc   4%          2

Your spell library contained the following spells:

 Spells                   Type           Power      Damage    Failure   Level
 Searing Ray              Conj           52%        2d6       4%          2
 Swiftness                Air            31%        N/A       8%          3
 Summon Small Mammal      Summ           24%        N/A       12%         1
 Airstrike                Air            15%        2d(3-19)  24%         4
 Call Canine Familiar     Summ           6%         N/A       34%         3
 Summon Guardian Golem    Hex/Summ       6%         N/A       34%         3
 Fulminant Prism          Conj/Hex       8%         3d7       52%         4


Dungeon Overview and Level Annotations

Branches:
Dungeon (4/15)
 Temple: D:4-7

Altars:

Annotations:
D:4 Duvessa


Innate Abilities, Weirdness & Mutations

You have a pair of small antennae on your head.
Your demonic aura sometimes causes spilled blood to erupt in flames.


Message History

It was a potion of brilliance.
You feel clever all of a sudden. Duvessa misses you.
It was a potion of heal wounds.
You feel much better.
Duvessa hits you with a +4 rapier of protection!
Unknown command.
Duvessa attacks as you move away! Duvessa closely misses you.
You hit Duvessa but do no damage.
Duvessa is lightly wounded.
Duvessa hits you with a +4 rapier of protection!
* * * LOW HITPOINT WARNING * * *
Your magical contamination has completely faded away.
You feel much better.
Duvessa hits you with a +4 rapier of protection!
It was a potion of flight.
You feel very buoyant.
You fly up into the air.
Duvessa closely misses you.
Casting: Shock (safe; 3% risk of failure)
Confirm with . or Enter, or press ? or * to list all spells.
You don't know that spell.
Casting: Shock (safe; 3% risk of failure)
Confirm with . or Enter, or press ? or * to list all spells.
You feel a surge of power!
Duvessa is struck by an arc of lightning!
Duvessa is moderately wounded.
Dowan is struck by an arc of lightning!
You kill Dowan!
Duvessa screams, "No!
How DARE you!"
Duvessa goes berserk!
Duvessa is struck by an arc of lightning!
Duvessa is heavily wounded.
The lightning grounds out.
Duvessa misses you.
Your Conjurations skill increases to level 3!
You feel a surge of power!
The zap hits Duvessa.
Duvessa is severely wounded.
The zap hits the ball python.
The ball python is severely wounded.
Duvessa hits you with a +4 rapier of protection!!
Ouch! That really hurt!
You die...

... ... ... #.### . #.#.. .
### #.#.# #... ..# #S#.# .#
#.# #e#.# .#
#.########@#.########
.######.##.................
.#........†.....).........#
.#.########.####.#.######.#
............# #.#.#
...#######..####.#.# .###
#.........# ...#
##.####.### .#.# #.#....#


You could see Duvessa (berserk) and a ball python.

Vanquished Creatures
  Blork the orc (D:4)
  Dowan (D:4)
  An orc priest (D:2)
  5 adders
  A worm (D:3)
  2 dart slugs
  4 orcs (D:2)
  3 bats
  5 endoplasms
  5 giant cockroaches
  2 hobgoblins (D:1)
  5 jackals
  2 kobolds (D:1)
  3 quokkas
  9 ball pythons
  A frilled lizard (D:1)
  8 goblins
  8 rats
66 creatures vanquished.

Notes
Turn   | Place    | Note
-------+----------+-------------------------------------------
     0 | D:1      | xian the Demonspawn Air Elementalist began the quest for
                  | the Orb.
     0 | D:1      | Reached XP level 1. HP: 13/13 MP: 3/3
   595 | D:1      | Gained mutation: You have a pair of small antennae on your
                  | head. [demonic ancestry]
   595 | D:1      | Reached XP level 2. HP: 19/19 MP: 3/5
   597 | D:1      | Learned a level 1 spell: Magic Dart
   600 | D:1      | Learned a level 2 spell: Static Discharge
  1320 | D:2      | Gained mutation: Your demonic aura sometimes causes spilled
                  | blood to erupt in flames. [demonic ancestry]
  1320 | D:2      | Reached XP level 3. HP: 24/24 MP: 3/6
  1933 | D:2      | Reached XP level 4. HP: 29/30 MP: 0/8
  2231 | D:2      | You fall into a shaft and drop 1 floor!
  3350 | D:4      | Noticed Blork the orc
  3361 | D:4      | Killed Blork the orc
  3362 | D:4      | Reached XP level 5. HP: 33/35 MP: 0/10
  3511 | D:4      | Noticed Dowan
  3513 | D:4      | Noticed Duvessa
  3530 | D:4      | Killed Dowan
  3531 | D:4      | Slain by Duvessa

Illustrated notes

Levels and vault maps discovered:
D:1:      saegor_arrival_simple_a, layout_loops_cross
D:2:      cheibrodos_pilgrimage, layout_loops_ring, minmay_misc_feat_x
D:3:      layout_loops_ring
D:4:      layout_loops_ring, uniq_pikel, uniq_blork_the_orc, uniq_edmund,
          uniq_menkaure, uniq_duvessa

Skill      XL: |  1  2  3  4  5 |
---------------+----------------+-----
Stealth        | 2 |  2.3
Air Magic      | 3 |  3.7
Dodging        | 2 |  2.1
Conjurations   | 2 3 |  3.0
Spellcasting   | 3 |  3.7
Fighting       | |  0.2
Short Blades   | |  0.4

Action                   |  1- 3 |  4- 6 || total
-------------------------+-------+-------++-------
Melee: Mace              |     1 |       ||     1
       Short sword       |       |    12 ||    12
 Cast: Shock             |    78 |    66 ||   144
       Static Discharge  |       |     2 ||     2
  Use: Potion            |     1 |     5 ||     6
       Scroll            |       |     1 ||     1
Armor: Robe              |     3 |     2 ||     5
Dodge: Dodged            |    20 |    21 ||    41
